 Dungeon Crawl Stone Soup version 0.32-a0-17-gb74e046682 (webtiles) character file.

Game seed: 6942806106547560823

358254 BubbleThief the Philosopher (level 23, -8/178 HPs)
             Began as a Djinni Fire Elementalist on Dec 17, 2023.
             Was the Champion of Elyvilon.
             Mangled by Mennas
             ... wielding a +5 trishula of holy wrath
              (21 damage)
             ... on level 4 of the Vaults on Jan 16, 2024.
             The game lasted 02:52:19 (40156 turns).

BubbleThief the Philosopher (DjFE)                 Turns: 40156, Time: 02:52:20

Health: -8/178     AC: 24    Str:  7    XL:     23   Next: 53%
Gold:   1478       EV: 14    Int: 26    God:    Elyvilon [******] SH: 15 Dex: 16

rFire   + + +        P - +5 rapier (protect)
rCold   + . .        b - +0 kite shield {rC+ rF+}
rNeg    + . .        L - quicksilver dragon scales
rPois   ∞            E - +2 hat
rElec   .            z - +2 cloak
rCorr   +            A - +2 pair of gloves
SInv    .            (boots unavailable)
Will    +++..        N - amulet of regeneration
Stlth   +            Y - +4 ring of protection
HPRegen 1.29/turn    p - ring of the Establishment {Fly rC+ rN+ rCorr Stlth+}
MPRegen 0.00/turn

%: infuse magic (-9 HP)
@: forested, flying, glowing, silenced
A: sickness immunity, fire resistance 2, cold vulnerability 1, float, innate
caster, HP casting, extra vitality 1
}: 1/15 runes: barnacled
a: Renounce Religion


You were on level 4 of the Vaults.
You worshipped Elyvilon.
Elyvilon was exalted by your worship.
You visited 8 branches of the dungeon, and saw 36 of its levels.
You visited 1 bazaar.
You also visited: Ossuary, Bailey and Desolation.

You collected 4063 gold pieces.
You spent 2585 gold pieces at shops.

Inventory:

Hand Weapons
 P - a +5 rapier of protection (weapon)
Missiles
 D - 2 throwing nets
Armour
 a - a +2 robe of willpower
 b - a +0 kite shield of resistance (worn)
 g - +0 ice dragon scales
 z - a +2 cloak (worn)
 A - a +2 pair of gloves (worn)
 E - a +2 hat (worn)
 F - a +0 tower shield of protection
 J - a +2 robe of resistance
 L - quicksilver dragon scales (worn)
 M - the +3 salamander hide armour {Flames, rFlCloud rF++ rC--}
   (You took it off a ragged hierophant in the Desolation of Salt)

   Flames:    It surrounds you with flame clouds and enhances your fire magic.
   rFlCloud:  It grants immunity to flame clouds.
   rF++:      It greatly protects you from fire.
   rC--:      It makes you very vulnerable to cold.
 O - the +7 scale mail of Poomnoip {Int+5}
   (You found it in the Desolation of Salt)

   Int+5:     It affects your intelligence (+5).
Magical Staves
 x - a staff of cold
 Q - a staff of fire
Jewellery
 i - a ring of protection from cold
 p - the ring of the Establishment (right hand) {Fly rC+ rN+ rCorr Stlth+}
   (You bought it in a shop in a bazaar)

   [ring of resist corrosion]

   rC+:       It protects you from cold.
   rN+:       It protects you from negative energy.
   Fly:       It grants you flight.
   rCorr:     It protects you from acid and corrosion.
   Stlth+:    It makes you more stealthy.
 r - a ring of see invisible
 v - a ring of positive energy
 N - an amulet of regeneration (around neck)
 Y - a +4 ring of protection (left hand)
Wands
 j - a wand of roots (7)
 S - a wand of acid (7)
 U - a wand of digging (24)
Scrolls
 d - 7 scrolls of teleportation
 e - 21 scrolls of identify
 k - 5 scrolls of enchant armour
 l - 5 scrolls of enchant weapon
 m - 5 scrolls of blinking
 n - 6 scrolls of poison
 o - 5 scrolls of fog
 q - 13 scrolls of revelation
 y - 3 scrolls of vulnerability
 T - a scroll of silence
 X - 3 scrolls of fear
Potions
 c - 4 potions of invisibility
 f - 4 potions of attraction
 h - 4 potions of ambrosia
 s - 9 potions of might
 t - 3 potions of berserk rage
 u - a potion of heal wounds
 w - 5 potions of haste
 B - 5 potions of enlightenment
 C - 6 potions of mutation
 G - 10 potions of curing
 H - 4 potions of resistance
 I - 7 potions of lignification
 K - 5 potions of brilliance
 V - 2 potions of cancellation
Miscellaneous
 R - a condenser vane
 W - a phantom mirror


   Skills:
 + Level 19.1 Fighting
 + Level 7.9 Armour
 - Level 12.0 Dodging
 - Level 1.5 Stealth
 - Level 19.0 Shields
 + Level 19.8 Spellcasting
 + Level 19.8 Conjurations
 + Level 19.8 Hexes
 + Level 19.8 Summonings
 + Level 19.8 Necromancy
 + Level 19.8 Translocations
 + Level 19.8 Fire Magic
 + Level 19.8 Ice Magic
 + Level 19.8 Air Magic
 + Level 19.8 Earth Magic
 + Level 25.5 Alchemy
 - Level 9.0 Invocations


You knew the following spells:

 Your Spells              Type           Power      Damage    Failure   Level
a - Foxfire               Conj/Fire      100%       2x1d9     0%          1
b - Scorch                Fire           100%       2d9       0%          2
c - Volatile Blastmotes   Fire/Tloc      100%       2d18      0%          3
d - Inner Flame           Hex/Fire       92%        N/A       0%          3
e - Flame Wave            Conj/Fire      92%        2d19      1%          4
f - Sandblast             Erth           100%       2d20      0%          1
g - Ensorcelled Hibernat  Hex/Ice        100%       N/A       0%          2
h - Call Canine Familiar  Summ           92%        N/A       0%          3
i - Tukima's Dance        Hex            92%        N/A       0%          3
j - Airstrike             Air            46%        2d(7-23)  1%          4
k - Summon Forest         Summ/Tloc      46%        N/A       1%          5
l - Bombard               Conj/Erth      46%        9d8       1%          6
m - Starburst             Conj/Fire      46%        6d13      1%          6
n - Orb of Destruction    Conj           46%        9d12      2%          7
o - Spellforged Servitor  Conj/Summ      46%        N/A       2%          7
p - Maxwell's Capacitive  Air            46%        ∞         17%         8
Your spell library was empty.

Dungeon Overview and Level Annotations

Branches:
Dungeon (15/15)            Temple (1/1) D:7            Lair (5/5) D:11
 Shoals (4/4) Lair:3       Spider (0/4) Lair:3        Slime (0/5) Lair:5
    Orc (2/2) D:10            Elf (0/3) Orc:2        Vaults (4/5) D:13
  Crypt (1/3) Vaults:2     Depths (4/4) D:15            Zot (0/5) Depths:4
Ossuary (visited)          Bailey (visited)         Desolation (visited)

Altars:
Ashenzari
Cheibriados
Dithmenos
Elyvilon
Fedhas
Gozag
Hepliaklqana
Makhleb
Nemelex Xobeh
Okawaru
Qazlal
Ru
Trog
Uskayaw
Wu Jian
Xom
Yredelemnul
Zin
The Shining One

Shops:
D:2 (   D:5 =   D:7 [*   Orc:2 (?=[[   Vaults:1 =   Vaults:3 (   Vaults:4 !
Depths:3 ==:

Portals:
Hell: Depths:1 Depths:2 Depths:3 Depths:4
Abyss: Depths:1 Depths:2 Depths:3
Pandemonium: Depths:2
Ziggurat: Depths:4
Trove: D:13 (show slimy rune of Zot)

Annotations:
D:14 1 transporter
Vaults:4 Mennas


Innate Abilities, Weirdness & Mutations

You are immune to sickness and miasma.
You are immune to poison.
Your flesh is very heat resistant. (rF++)
You are vulnerable to cold. (rC-)
You float through the air rather than walking.
You learn spells naturally, not from books.
Your magical power is your life essence.
You have superior vitality. (+4 MHP)


Message History

Mennas hits you with a +5 trishula of holy wrath!
You block Mennas's attack. Mennas hits you but does no damage.
Mennas hits you with a +5 trishula of holy wrath!
Unknown command.
Unknown command.
Mennas blocks your attack.
Mennas is almost dead.
Mennas hits you with a +5 trishula of holy wrath!
You block Mennas's attack.
Unknown command.
You miss Mennas.
Mennas is severely wounded.
Mennas hits you with a +5 trishula of holy wrath!
* * * LOW HITPOINT WARNING * * *
You block Mennas's attack. x2
Mennas hits you with a +5 trishula of holy wrath.
* * * LOW HITPOINT WARNING * * *
You feel much better. Mennas hits you but does no damage.
You block Mennas's attack. Mennas completely misses you.
You block Mennas's attack.
Okay, then.
You block Mennas's attack.
Mennas hits you from afar with a +5 trishula of holy wrath!
* * * LOW HITPOINT WARNING * * *
Mennas hits you from afar with a +5 trishula of holy wrath.
* * * LOW HITPOINT WARNING * * *
Mennas hits you but does no damage.
Mennas hits you from afar with a +5 trishula of holy wrath!
* * * LOW HITPOINT WARNING * * *
Mennas hits you from afar with a +5 trishula of holy wrath!
* * * LOW HITPOINT WARNING * * *
Mennas attacks as he pursues you!
Mennas hits you from afar with a +5 trishula of holy wrath!!
Elyvilon protects you from harm! Mennas closely misses you.
Mennas attacks as he pursues you! You block Mennas's attack.
Mennas hits you from afar with a +5 trishula of holy wrath.
* * * LOW HITPOINT WARNING * * *
Mennas hits you from afar with a +5 trishula of holy wrath!!
You die...

♣...♣ ♣#♣#
#########
#...♣ .....
........#
#...♣......
........#
♣...♣......
........#
♣...9...♣.$
........#
♣...#......
....../.#
#A..♣ .....
........#
♣...# .♣..
.....|∩.#
♣@..# ##♣
'########
♣...♣
...########
♣...♣
...#......#
#...#
...#......#
#...#
...#^.....#
#...#
...#......#
#...#
...'......#
#...#
...#...>..#
#...#


You could see Mennas (silencing, ally target) and a friendly spellforged
servitor (summoned).

Vanquished Creatures
  Frederick (Depths:4)
  Mara (Depths:1)
  Sojobo (Depths:4)
  A juggernaut (Depths:4)
  3 caustic shrikes (Depths:4)
  2 golden dragons
  A bone dragon (Depths:4)
  3 tentacled monstrosities
  A walking crystal tome (Depths:3)
  3 liches
  A sphinx (Vaults:4)
  Polyphemus (Shoals:2)
  A walking frostbound tome (Depths:3)
  4 tengu reavers
  2 shadow dragons
  A draconian monk (Depths:4)
  A war gargoyle (Vaults:3)
  9 vault wardens
  4 frost giants
  An orc warlord (Vaults:1)
  3 fire giants
  An imperial myrmidon (Desolation)
  A draconian annihilator (Depths:4)
  5 spectral caustic shrikes (Depths:1)
  2 spriggan defenders (Depths:3)
  21 very ugly things
  11 stone giants
  3 vampire knights
  3 formless jellyfish
  6 ironbound preservers
  3 ironbound thunderhulks
  2 green draconians (Depths:4)
  A deep elf demonologist (Vaults:2)
  4 spark wasps
  2 purple draconians (Depths:4)
  3 yellow draconians (Depths:4)
  A halazid warlock (Desolation)
  16 dire elephants
  6 ettins
  2 crystal guardians
  8 fire dragons
  5 merfolk impalers
  3 merfolk javelineers (Shoals:4)
  5 great orbs of eyes
  4 yaktaur captains
  An entropy weaver (Vaults:4)
  5 ragged hierophants (Desolation)
  2 vault guards
  2 rakshasas (Depths:2)
  8 ice dragons
  2 servants of whispers (Desolation)
  8 peacekeepers
  5 hydras
  6 spriggan air magi
  The ghost of croobank the Summoner, a journeyman GnSu of Ashenzari (D:11)
  2 ogre magi
  An ironbound frostheart (Vaults:2)
  2 catoblepae
  10 centaur warriors
  2 alligator snapping turtles
  4 boulder beetles
  A satyr (Shoals:3)
  3 merfolk aquamancers
  2 merfolk avatars
  2 two-headed ogres
  4 deep troll shamans
  3 vampire magi
  An occultist (Depths:1)
  5 tengu warriors
  A death yak (Shoals:2)
  6 deep troll earth magi
  6 hell knights
  5 spriggan berserkers
  An orc high priest (Orc:2)
  2 spriggans (Depths:1)
  4 skysharks
  Amaemon (D:9)
  2 iron trolls
  12 skeletal warriors
  4 glowing orange brains
  19 deep trolls
  A sea snake (shapeshifter) (Depths:3)
  2 flayed ghosts
  A spectral anaconda (Lair:5)
  2 lindwurms
  13 sea snakes
  5 arcanists
  5 harpies
  15 ironbound convokers
  2 necromancers
  3 orc knights (Orc:2)
  Pikel (D:7)
  24 ugly things
  2 deep elf pyromancers
  An oklob plant (Lair:5)
  2 orc sorcerers (Orc:2)
  6 cyclopes
  6 elephants
  5 fauns
  9 merfolk sirens
  Maurice (Orc:1)
  12 manticores
  2 molten gargoyles (Lair:3)
  5 vault sentinels
  3 guardian serpents (Desolation)
  A kobold blastminer (Orc:2)
  A torpor snail (Lair:1)
  7 water nymphs
  An orange demon (D:9)
  A dire elephant zombie (Lair:5)
  3 black mambas
  A gargoyle (D:11)
  8 cane toads
  An unseen horror (D:11)
  18 yaktaurs
  9 komodo dragons
  A kobold demonologist (D:11)
  11 rime drakes
  4 tengu conjurers
  A queen bee (D:8)
  13 merfolk
  10 trolls
  3 hornets
  A meliai (Lair:3)
  A wind drake (Shoals:1)
  2 polar bears
  23 saltlings (Desolation)
  3 glass eyes
  15 blink frogs
  6 snapping turtles
  5 dream sheep
  14 slime creatures
  A vampire (D:12)
  11 water elementals
  A wraith (D:6)
  28 yaks
  7 wyverns
  3 basilisks
  9 steam dragons
  2 unseen horror simulacra (D:9)
  A death yak simulacrum (Lair:5)
  3 vampire mosquitoes (D:10)
  2 wargs
  3 acid dragons
  16 water moccasins
  A meliai simulacrum (D:15)
  12 orc warriors
  4 ice beasts
  7 ogres
  4 sky beasts
  A black bear (D:11)
  10 wolves
  3 boggarts (Vaults:2)
  3 centaurs
  3 kobold brigands
  7 bullfrogs
  A scorpion (D:11)
  A cane toad simulacrum (Lair:5)
  A gnoll sergeant (D:7)
  8 wights
  13 killer bees
  7 howler monkeys
  6 electric eels
  4 lava snakes (Lair:3)
  Crazy Yiuf (D:5)
  A jelly (D:6)
  A hound (D:4)
  12 orc priests
  A sleepcap (D:7)
  6 iguanas
  14 orc wizards
  A centaur simulacrum (D:9)
  8 mummies (Ossuary)
  10 gnolls
  10 adders
  3 white imps
  A howler monkey simulacrum (D:9)
  A ribbon worm (D:2)
  7 dart slugs
  57 orcs
  3 ball pythons
  9 endoplasms
  7 hobgoblins
  19 kobolds
  2 quokkas
  3 bats
  7 frilled lizards
  A gnoll zombie (Ossuary)
  5 goblins
  2 hobgoblin zombies (Ossuary)
  2 kobold zombies (Ossuary)
  3 orc zombies (Ossuary)
  5 rats
985 creatures vanquished.

Vanquished Creatures (collateral kills)
  The ghost of Oxzi the Archmage, an adept DEHW of Vehumet (Depths:4)
  A tengu reaver (Vaults:3)
  4 vault wardens
  An imperial myrmidon (Desolation)
  A formless jellyfish (Vaults:4)
  5 ironbound preservers
  3 very ugly things
  An ironbound thunderhulk (Vaults:2)
  A stone giant (Depths:2)
  A vampire knight (Vaults:2)
  A halazid warlock (Desolation)
  9 dire elephants
  A spark wasp (Depths:3)
  A deep elf annihilator (Depths:4)
  A crystal guardian (Desolation)
  2 fire dragons
  4 ragged hierophants (Desolation)
  A merfolk impaler (Shoals:4)
  4 yaktaur captains
  2 great orbs of eyes (Vaults:2)
  3 peacekeepers
  3 ironbound frosthearts
  2 vault guards (Vaults:1)
  9 servants of whispers (Desolation)
  2 merfolk avatars
  9 centaur warriors
  A death knight (Vaults:2)
  A catoblepas (Lair:2)
  2 merfolk aquamancers
  A satyr (Shoals:4)
  A sphinx skeleton (D:15)
  A death yak (Shoals:2)
  2 two-headed ogres
  3 boulder beetles
  2 orc high priests (Orc:2)
  2 deep troll earth magi (Depths:2)
  A hell knight (Depths:3)
  5 skeletal warriors
  A storm dragon skeleton (D:15)
  A fire crab (shapeshifter) (Vaults:3)
  A skyshark (Lair:3)
  A sea snake (Shoals:3)
  15 deep trolls
  An iron troll (Depths:2)
  A glowing orange brain (Vaults:3)
  An obsidian statue (Lair:5)
  A lindwurm (Lair:4)
  A kraken simulacrum (Shoals:4)
  An arcanist (Vaults:2)
  7 ironbound convokers
  4 orc knights
  5 harpies
  4 orc sorcerers
  4 fauns
  2 necromancers (Lair:5)
  A manticore (Shoals:1)
  A cyclops (Shoals:4)
  6 ugly things
  A black mamba (Lair:2)
  A merfolk siren (Shoals:3)
  6 elephants
  A kobold blastminer (Orc:2)
  5 vault sentinels
  A guardian serpent (Desolation)
  A molten gargoyle (Desolation)
  3 cane toads
  A gargoyle (D:13)
  3 komodo dragons
  3 rime drakes (Lair:4)
  An unseen horror (D:12)
  14 yaktaurs
  3 trolls
  3 polar bears (Lair:5)
  13 blink frogs
  8 merfolk
  A wind drake (Shoals:2)
  36 saltlings (Desolation)
  11 dream sheep
  14 slime creatures
  A spriggan zombie (D:15)
  11 yaks
  A water elemental (Shoals:1)
  3 basilisks
  3 wargs
  2 steam dragons (Lair:4)
  3 death yak simulacra (Lair:5)
  2 spectral cane toads (Lair:5)
  2 acid dragons
  5 water moccasins
  3 orc warriors (Orc:1)
  An elephant zombie (Lair:5)
  14 wolves
  A centaur (Lair:3)
  An ogre (D:15)
  A boggart (Vaults:2)
  A bullfrog (Lair:4)
  A cane toad simulacrum (Lair:5)
  An elephant simulacrum (Lair:5)
  4 killer bees (Lair:3)
  A lava snake (Lair:3)
  7 orc priests
  8 orc wizards
  6 hell rats (Lair:4)
  16 orcs
383 creatures vanquished.

Vanquished Creatures (others)
  An imperial myrmidon (Desolation)
  A yaktaur captain (Vaults:2)
  A vampire mage (Depths:1)
  An occultist (Depths:1)
  A rime drake (Lair:4)
  An orc priest (Orc:1)
  315 foxfires
  38 snaplasher vines
  2 tentacles (Shoals:4)
361 creatures vanquished.

Grand Total: 1729 creatures vanquished

Notes
Turn   | Place    | Note
-------+----------+-------------------------------------------
     0 | D:1      | Reached skill level 3 in Alchemy
     0 | D:1      | BubbleThief the Djinni Fire Elementalist began the quest
                  | for the Orb.
     0 | D:1      | BubbleThief set off with the following spells memorised:
                  | Foxfire, Scorch, Volatile Blastmotes, Inner Flame, Flame
                  | Wave.
     0 | D:1      | Reached XP level 1. HP: 15/15 MP: 0/0
   101 | D:1      | Reached XP level 2. HP: 20/22 MP: 0/0
   117 | D:1      | Reached skill level 1 in Fighting
   285 | D:1      | Reached XP level 3. HP: 20/27 MP: 0/0
   285 | D:1      | Learned a level 1 spell: Sandblast
  1078 | D:2      | Reached XP level 4. HP: 18/33 MP: 0/0
  1166 | D:2      | You are sucked into a shaft and drop 1 floor!
  1519 | D:2      | Reached XP level 5. HP: 38/40 MP: 0/0
  1519 | D:2      | Learned a level 2 spell: Ensorcelled Hibernation
  1997 | D:2      | Found Lenikk's Antique Weapon Emporium.
  2557 | D:3      | Identified the +2 ring mail of the Moneychanger {rF+ Int+2
                  | Slay-2}
  2618 | D:3      | Reached skill level 4 in Alchemy
  2937 | D:4      | Reached XP level 6. HP: 40/47 MP: 0/0
  3113 | D:4      | Noticed an ogre
  3127 | D:4      | Killed an ogre
  3128 | D:4      | Reached XP level 7. HP: 12/53 MP: 0/0
  3128 | D:4      | Learned a level 3 spell: Call Canine Familiar
  3539 | D:4      | Reached skill level 5 in Fighting
  3539 | D:4      | Reached skill level 5 in Spellcasting
  3539 | D:4      | Reached skill level 5 in Conjurations
  3539 | D:4      | Reached skill level 5 in Hexes
  3539 | D:4      | Reached skill level 5 in Summonings
  3539 | D:4      | Reached skill level 5 in Necromancy
  3539 | D:4      | Reached skill level 5 in Translocations
  3539 | D:4      | Reached skill level 5 in Transmutations
  3539 | D:4      | Reached skill level 5 in Fire Magic
  3539 | D:4      | Reached skill level 5 in Ice Magic
  3539 | D:4      | Reached skill level 5 in Air Magic
  3539 | D:4      | Reached skill level 5 in Earth Magic
  3539 | D:4      | Reached skill level 5 in Alchemy
  4051 | D:5      | Entered Level 5 of the Dungeon
  4131 | D:5      | Found a runed translucent door.
  4132 | D:5      | Noticed Crazy Yiuf
  4159 | D:5      | Noticed an acid dragon
  4173 | D:5      | Killed an acid dragon
  4174 | D:5      | Reached XP level 8. HP: 7/61 MP: 0/0
  4743 | D:5      | Found Hitus's Jewellery Shoppe.
  5215 | D:5      | Killed Crazy Yiuf
  5320 | D:6      | Reached skill level 6 in Alchemy
  5676 | D:6      | Reached XP level 9. HP: 65/68 MP: 0/0
  5676 | D:6      | Learned a level 3 spell: Tukima's Dance
  6456 | D:7      | Found a snail-covered altar of Cheibriados.
  6457 | D:7      | Found Cheibriados's Comfort Zone.
  6661 | D:7      | Reached skill level 7 in Alchemy
  6732 | D:7      | Found a staircase to the Ecumenical Temple.
  6787 | Temple   | Entered the Ecumenical Temple
  6856 | Temple   | Became a worshipper of Elyvilon the Healer
  7119 | D:7      | Found Quemum's General Store.
  7210 | D:8      | Noticed Pikel
  7218 | D:7      | Killed Pikel
  7219 | D:7      | Reached XP level 10. HP: 50/78 MP: 0/0
  7547 | D:8      | Reached skill level 8 in Alchemy
  7712 | D:8      | Found a sand-covered staircase.
  7717 | Ossuary  | Entered an ossuary
  8015 | D:8      | Reached skill level 10 in Fighting
  8327 | D:5      | Bought an amulet of regeneration for 360 gold pieces
  8430 | D:9      | Noticed Amaemon
  8430 | D:9      | Noticed an orange demon
  8440 | D:9      | Killed Amaemon
  8444 | D:9      | Killed an orange demon
  8482 | D:9      | Reached XP level 11. HP: 55/87 MP: 0/0
  8482 | D:9      | Learned a level 4 spell: Airstrike
  8502 | D:9      | Reached skill level 9 in Alchemy
  8537 | D:9      | Reached * piety under Elyvilon
  9227 | D:10     | Entered Level 10 of the Dungeon
  9236 | D:10     | Found a flagged portal.
  9274 | Bailey   | Entered a bailey
  9574 | D:10     | Noticed a two-headed ogre
  9583 | D:10     | Killed a two-headed ogre
  9614 | D:10     | Noticed a six-headed hydra
  9621 | D:10     | Killed a six-headed hydra
  9664 | D:10     | Found a blossoming altar of Fedhas.
  9824 | D:10     | Reached skill level 10 in Spellcasting
  9824 | D:10     | Reached skill level 10 in Conjurations
  9824 | D:10     | Reached skill level 10 in Hexes
  9824 | D:10     | Reached skill level 10 in Summonings
  9824 | D:10     | Reached skill level 10 in Necromancy
  9824 | D:10     | Reached skill level 10 in Translocations
  9824 | D:10     | Reached skill level 10 in Transmutations
  9824 | D:10     | Reached skill level 10 in Fire Magic
  9824 | D:10     | Reached skill level 10 in Ice Magic
  9824 | D:10     | Reached skill level 10 in Air Magic
  9824 | D:10     | Reached skill level 10 in Earth Magic
  9824 | D:10     | Reached skill level 10 in Alchemy
  9858 | D:10     | Found a staircase to the Orcish Mines.
  9864 | D:10     | Reached ** piety under Elyvilon
 10077 | D:11     | Noticed a boulder beetle
 10099 | D:11     | Killed a boulder beetle
 10100 | D:11     | Reached XP level 12. HP: 14/96 MP: 0/0
 10332 | D:11     | Reached *** piety under Elyvilon
 10357 | D:11     | Found a staircase to the Lair.
 10432 | D:11     | Found a runed translucent door.
 10432 | D:11     | Noticed croobank's ghost (journeyman GnSu)
 10667 | Lair:1   | Entered Level 1 of the Lair of Beasts
 10769 | Lair:1   | Reached skill level 11 in Alchemy
 10774 | Lair:1   | HP: 1/99 [torpor snail (11)]
 11086 | Lair:1   | Reached **** piety under Elyvilon
 11394 | Lair:2   | Reached skill level 1 in Shields
 11415 | Lair:2   | Reached XP level 13. HP: 38/105 MP: 0/0
 11415 | Lair:2   | Learned a level 5 spell: Summon Forest
 11800 | Lair:2   | Noticed a catoblepas
 11810 | Lair:2   | Killed a catoblepas
 11904 | Lair:2   | Reached skill level 5 in Dodging
 12310 | Lair:3   | Reached ***** piety under Elyvilon
 12328 | Lair:3   | Found a hole to the Spider Nest.
 12376 | Lair:3   | Reached skill level 5 in Shields
 12402 | Lair:3   | Found a staircase to the Shoals.
 12665 | Lair:3   | Reached skill level 15 in Fighting
 12745 | Lair:3   | Noticed a seven-headed hydra
 12752 | Lair:3   | Killed a seven-headed hydra
 12944 | Lair:3   | Noticed a four-headed hydra
 12950 | Lair:3   | Killed a four-headed hydra
 13741 | Lair:4   | Reached XP level 14. HP: 98/114 MP: 0/0
 14070 | Lair:4   | Reached ****** piety under Elyvilon
 14657 | Lair:5   | Entered Level 5 of the Lair of Beasts
 14929 | Lair:5   | Reached skill level 10 in Dodging
 15344 | Lair:5   | Noticed a dire elephant
 15344 | Lair:5   | Noticed a dire elephant
 15345 | Lair:5   | Noticed a dire elephant
 15464 | Lair:5   | Reached XP level 15. HP: 118/122 MP: 0/0
 15464 | Lair:5   | Learned a level 6 spell: Bombard
 15481 | Lair:5   | Found a staircase to the Slime Pits.
 15753 | Lair:5   | Identified the +8 orcbow of Tortfeasance {freeze, rF+}
 16033 | Lair:5   | Reached skill level 12 in Alchemy
 16064 | Lair:5   | Identified the amulet "Peish" {Faith rCorr Int+3}
 16355 | D:11     | Killed croobank's ghost
 16903 | D:12     | Found a gateway to a bazaar.
 16938 | Bazaar   | Entered a bazaar
 16942 | Bazaar   | Found Roczuz's Jewellery Boutique.
 16964 | Bazaar   | Found Jazoikhemm's Weapon Emporium.
 16985 | Bazaar   | Found Hicridu's Book Boutique.
 17005 | Bazaar   | Found Gaeheh's Magic Scroll Shoppe.
 17032 | Bazaar   | Bought the ring of the Establishment {Fly rC+ rN+ rCorr
                  | Stlth+} for 387 gold pieces
 17049 | Bazaar   | Bought a scroll of revelation for 135 gold pieces
 17049 | Bazaar   | Bought a scroll of teleportation for 54 gold pieces
 17049 | Bazaar   | Bought a scroll of fog for 72 gold pieces
 17652 | D:13     | Reached skill level 13 in Alchemy
 17790 | D:13     | Found a portal to a secret trove of treasure.
 17945 | D:13     | Found a gate to the Vaults.
 18028 | D:14     | Found a transporter.
 18056 | D:14     | Found a white marble altar of Elyvilon.
 18056 | D:14     | Found a glowing golden altar of the Shining One.
 18056 | D:14     | Found a glowing silver altar of Zin.
 18336 | D:14     | Reached XP level 16. HP: 118/129 MP: 0/0
 18372 | D:14     | Reached skill level 10 in Shields
 18422 | D:14     | Found a hazy altar of Hepliaklqana.
 18601 | D:15     | Entered Level 15 of the Dungeon
 18769 | D:15     | Found a staircase to the Depths.
 19352 | D:14     | Found a transporter.
 19492 | Orc:1    | Entered Level 1 of the Orcish Mines
 19524 | Orc:1    | Noticed Maurice
 19529 | Orc:1    | Killed Maurice
 19530 | Orc:1    | Reached skill level 14 in Alchemy
 19694 | Orc:2    | Entered Level 2 of the Orcish Mines
 19694 | Orc:2    | Found a staircase to the Elven Halls.
 19789 | Orc:2    | Found Camoumoq's Antique Weapon Emporium.
 19792 | Orc:2    | Bought a bone dagger for 161 gold pieces
 19792 | Orc:2    | Identified the +2 dagger of the Thirteen Tales {flame,
                  | +Blink} (You bought it in a shop on level 2 of the Orcish
                  | Mines)
 20325 | Orc:2    | Found Oklan's Armour Emporium.
 20325 | Orc:2    | Found Nengyuru's Armour Emporium.
 20326 | Orc:2    | Found Uxulyqoge's Jewellery Shop.
 20326 | Orc:2    | Found Catig's Magic Scroll Shop.
 20340 | Orc:2    | Got a glittering gem
 20347 | Orc:2    | Bought a scroll of enchant armour for 120 gold pieces
 20347 | Orc:2    | Bought a scroll of enchant armour for 120 gold pieces
 20361 | Orc:2    | Bought quicksilver dragon scales for 780 gold pieces
 20811 | Shoals:1 | Entered Level 1 of the Shoals
 21242 | Shoals:3 | Reached XP level 17. HP: 119/134 MP: 0/0
 21242 | Shoals:3 | Learned a level 6 spell: Starburst
 21526 | Shoals:2 | Noticed Polyphemus
 21539 | Shoals:2 | Killed Polyphemus
 21811 | Shoals:2 | Reached skill level 15 in Spellcasting
 21811 | Shoals:2 | Reached skill level 15 in Conjurations
 21811 | Shoals:2 | Reached skill level 15 in Hexes
 21811 | Shoals:2 | Reached skill level 15 in Summonings
 21811 | Shoals:2 | Reached skill level 15 in Necromancy
 21811 | Shoals:2 | Reached skill level 15 in Translocations
 21811 | Shoals:2 | Reached skill level 15 in Transmutations
 21811 | Shoals:2 | Reached skill level 15 in Fire Magic
 21811 | Shoals:2 | Reached skill level 15 in Ice Magic
 21811 | Shoals:2 | Reached skill level 15 in Air Magic
 21811 | Shoals:2 | Reached skill level 15 in Earth Magic
 21811 | Shoals:2 | Reached skill level 15 in Alchemy
 22005 | Shoals:2 | Reached skill level 1 in Armour
 23041 | Shoals:4 | Entered Level 4 of the Shoals
 23107 | Shoals:4 | Upgraded the game from 0.31-a0-1267-gfedaa18580 to
                  | 0.31-a0-1278-g11c5b68f87
 23144 | Shoals:4 | Upgraded the game from 0.31-a0-1278-g11c5b68f87 to
                  | 0.31-a0-1300-gb6740aa4e6
 23262 | Shoals:4 | HP: 2/136 [merfolk/+0 trident[a merfolk aquamancer] (9)]
 24222 | Shoals:4 | Got a barnacled rune of Zot
 24330 | Shoals:2 | Reached XP level 18. HP: 138/144 MP: 0/0
 24966 | Depths:1 | Entered Level 1 of the Depths
 25079 | Depths:1 | Found a one-way gate to the infinite horrors of the Abyss.
 25376 | Depths:1 | Elyvilon protects you from harm!
 25385 | Depths:1 | Reached skill level 16 in Alchemy
 25402 | Depths:1 | Reached skill level 1 in Invocations
 25508 | Depths:1 | Noticed Mara
 25513 | Depths:1 | Noticed BubbleThief's illusion
 25535 | Depths:1 | Killed Mara
 25825 | Depths:1 | Found a gateway to Hell.
 25836 | Depths:1 | Reached skill level 5 in Invocations
 26329 | Depths:2 | Found a one-way gate leading to the halls of Pandemonium.
 26488 | Depths:2 | Noticed a lich
 26495 | Depths:2 | Killed a lich
 26720 | Depths:2 | Reached XP level 19. HP: 139/150 MP: 0/0
 26720 | Depths:2 | Learned a level 7 spell: Orb of Destruction
 27849 | Depths:2 | Identified the +6 sling of Spores {antimagic, Int+3}
 27911 | Depths:2 | Noticed a lich
 28010 | Depths:2 | Killed a lich
 28234 | Depths:2 | Found a shimmering altar of Xom.
 28807 | Depths:3 | Noticed a golden dragon
 28812 | Depths:3 | Killed a golden dragon
 28944 | Depths:3 | Found Pixoj's Jewellery Shop.
 29078 | Depths:3 | Found Ugewod's Book Emporium.
 29079 | Depths:3 | Found Tikituu's Jewellery Shop.
 29767 | Depths:3 | Reached XP level 20. HP: 125/157 MP: 0/0
 29828 | Depths:3 | Noticed a walking crystal tome
 29834 | Depths:3 | Killed a walking crystal tome
 29970 | Depths:3 | Noticed a tentacled monstrosity
 29976 | Depths:3 | Killed a tentacled monstrosity
 30183 | Depths:4 | Entered Level 4 of the Depths
 30183 | Depths:4 | Noticed a tentacled monstrosity
 30192 | Depths:4 | Killed a tentacled monstrosity
 30193 | Depths:4 | Reached skill level 17 in Alchemy
 30275 | Depths:4 | Reached skill level 15 in Shields
 30344 | Depths:4 | Noticed Oxzi's ghost (adept DEHW)
 30349 | Depths:4 | Found a runed translucent door.
 30424 | Depths:4 | Noticed a caustic shrike
 30428 | Depths:4 | Killed a caustic shrike
 30432 | Depths:4 | Noticed a caustic shrike
 30439 | Depths:4 | Killed a caustic shrike
 30494 | Depths:4 | Noticed a golden dragon
 30502 | Depths:4 | Killed a golden dragon
 30566 | Depths:4 | Noticed a caustic shrike
 30762 | Depths:4 | Found a gate to the Realm of Zot.
 30762 | Depths:4 | Noticed a bone dragon
 30772 | Depths:4 | Killed a bone dragon
 30994 | Depths:4 | Noticed a tentacled monstrosity
 30998 | Depths:4 | Killed a tentacled monstrosity
 31010 | Depths:4 | Killed a caustic shrike
 31099 | Depths:4 | Found a white marble altar of Elyvilon.
 31178 | Depths:4 | Noticed Frederick
 31270 | Depths:4 | Noticed a juggernaut
 31277 | Depths:4 | Killed a juggernaut
 31596 | Depths:4 | Killed Frederick
 31599 | Depths:4 | Noticed Sojobo
 31604 | Depths:4 | Paralysed by an air elemental for 1 turns
 31796 | Depths:4 | Found a one-way gateway to a ziggurat.
 31812 | Depths:4 | Identified the +4 scale mail "Fungywk" {rElec rF+ rC+
                  | Int-5}
 31910 | Depths:4 | Reached XP level 21. HP: 146/163 MP: 0/0
 31910 | Depths:4 | Learned a level 7 spell: Spellforged Servitor
 31933 | Depths:4 | Killed Sojobo
 32189 | Depths:4 | Reached skill level 24 in Alchemy
 32189 | Depths:4 | Upgraded the game from 0.31-a0-1300-gb6740aa4e6 to
                  | 0.31-a0-1338-gb567cfdca4
 32194 | Depths:4 | Killed Oxzi's ghost
 32204 | Depths:4 | Identified the +1 pair of boots of Pandemonium {Int+5}
 32348 | Vaults:1 | Entered Level 1 of the Vaults
 32779 | Vaults:1 | HP: 6/163 [yaktaur/bolt (18)]
 33400 | Vaults:1 | Found Suts's Jewellery Emporium.
 33861 | Vaults:2 | Found a crumbling gateway.
 33866 | Desolati | Entered the Desolation of Salt
 34099 | Desolati | HP: 3/163 [disintegration[the player character] (68)]
 34101 | Desolati | Reached XP level 22. HP: 28/169 MP: 0/0
 34407 | Desolati | Identified the +7 scale mail of Poomnoip {Int+5}
 34531 | Desolati | Identified the +1 trident of Esihe {drain, Str-2 Dex+6}
 34804 | Desolati | Identified the +1 leather armour of Past Mistakes {rPois
                  | rF+ rCorr}
 34816 | Desolati | Identified the +0 hand axe "Beuzaosi" {flame, ^Contam rPois
                  | Will+ Dex+5}
 34986 | Desolati | Reached skill level 25 in Alchemy
 35059 | Vaults:2 | Upgraded the game from 0.31-a0-1338-gb567cfdca4 to
                  | 0.31-a0-1424-g2add1c7226
 35191 | Vaults:2 | Found a staircase to the Crypt.
 35249 | Vaults:2 | Was placed under penance by Elyvilon
 35280 | Vaults:2 | Upgraded the game from 0.31-a0-1424-g2add1c7226 to
                  | 0.31-a0-1529-g7bd419a0e5
 35324 | Crypt:1  | Entered Level 1 of the Crypt
 35664 | Vaults:2 | Identified the +4 shortbow of Parts Unknown {drain, rN+}
 36411 | Vaults:2 | Was forgiven by Elyvilon
 36426 | Vaults:2 | Identified the +6 quarterstaff "Ticva" {freeze, Fly}
 36983 | Vaults:3 | Upgraded the game from 0.31-a0-1529-g7bd419a0e5 to
                  | 0.31-a0-1620-gcbf77bbcfc
 37145 | Vaults:3 | Reached skill level 5 in Armour
 37876 | Vaults:3 | Reached XP level 23. HP: 140/176 MP: 0/0
 37876 | Vaults:3 | Learned a level 8 spell: Maxwell's Capacitive Coupling
 38352 | Vaults:3 | Found Ylaviezuy's Weapon Shop.
 39113 | Vaults:4 | Found Renewo's Distillery.
 39120 | Vaults:4 | Bought a potion of mutation for 144 gold pieces
 39120 | Vaults:4 | Bought a potion of heal wounds for 90 gold pieces
 39120 | Vaults:4 | Bought a potion of heal wounds for 90 gold pieces
 39120 | Vaults:4 | Bought a potion of brilliance for 72 gold pieces
 39198 | Vaults:4 | Upgraded the game from 0.31-a0-1620-gcbf77bbcfc to
                  | 0.32-a0-17-gb74e046682
 40137 | Vaults:4 | Noticed Mennas
 40155 | Vaults:4 | Elyvilon protects you from harm!
 40156 | Vaults:4 | Mangled by Mennas

Illustrated notes

Levels and vault maps discovered:
D:1:      amcnicky_arrival_flooded_fountain, layout_basic
D:2:      layout_basic, serial_shops, shop, hangedman_glass_teeth
D:3:      layout_basic, nicolae_elevator_lobby_plus
D:4:      layout_basic, glass_columns_a, kennysheep_generic_room_16
D:5:      layout_loops_corners, serial_shops, shop, uniq_crazy_yiuf_cottage
D:6:      layout_basic
D:7:      layout_rooms, minmay_temple_entry_junction, serial_shops,
          kennysheep_mini, minmay_shop_chei
D:8:      layout_cave_pools, nicolae_ossuary_entry_ruins,
          nicolae_looking_at_the_future, uniq_pikel
D:9:      layout_loops_ring, serial_ice, serial_ice_k, serial_ice_o,
          serial_ice_f, serial_ice_h, serial_ice_m, serial_ice_e, serial_ice_g,
          st_stairs_13, uniq_amaemon
D:10:     layout_rooms, mainiacjoe_overflow_six_doors_small, erik_orc_4,
          enter_bailey_2, serial_corexii_hall, chequers_hall_statues_wall_a,
          chequers_hall_statues_y, dreamdust_mushroom_princess
D:11:     layout_big_octagon, due_lair_maze_entry_diamond,
          hellmonk_ghost_happy_afterlife, kennysheep_boxes
D:12:     layout_gridville, serial_shops, bzr_in_the_mist
D:13:     layout_roguey, hellmonk_vaults_attempted_burglary, enter_trove_5
D:14:     layout_cave_pools, serial_rivers, chequers_serial_rivers_large_a,
          chequers_serial_rivers_small_3, chequers_serial_rivers_micro_a,
          chequers_serial_rivers_small_b, chequers_serial_rivers_micro_c,
          chequers_serial_rivers_micro_e, good_gods_mini_temple,
          hangedman_feature_mirror, minmay_crystal_room, nicolae_diode_stairs
D:15:     gammafunk_depths_entry_grave, layout_irregular_city
Temple:   mainiacjoe_temple_starburst
Lair:1:   layout_loops_ring
Lair:2:   layout_cave_pods, grunt_megastairs_3, infiniplex_staircase_pool
Lair:3:   cheibrodos_magma_flow, layout_layer_cave,
          minmay_shoals_entry_centaurs, hellmonk_spider_entry_not_the_bees
Lair:4:   layout_loops_ring, bobbens_dragon_lair_wall
Lair:5:   due_jungle_book, layout_long_grid, dpeg_slime_entry_enclosed,
          grunt_forest_stairs_basic, serial_bayou_shore_a, grunt_megastairs_1
Shoals:1: layout_shoals
Shoals:2: layout_shoals, uniq_polyphemus
Shoals:3: layout_shoals, nicolae_shoals_lost_giant_temple
Shoals:4: shoals_end_grunt_ice, layout_shoals
Orc:1:    layout_caves, uniq_maurice
Orc:2:    st_orc_elflike, layout_diamond_mine, serial_shops,
          nicolae_shop_tiny_real_fake_doors
Vaults:1: nicolae_vaults_heart-shaped_vault, nicolae_vaults_six-pack, v_misc_3,
          vaults_room_door_hall, ontoclasm_vaults_ring_square, v_misc_26,
          vaults_room_pool, v_misc_9, nicolae_vaults_diagonal_hallway_8,
          vaults_room_semicircle, v_misc_8, hangedman_vaults_stretched_pinwheel,
          nicolae_vaults_cochlea, layout_vaults_ring, serial_shops, shop
Vaults:2: portal_desolation_entry_nicolae_forbidding_blocks,
          nicolae_vaults_ring_of_whatevers, nicolae_vaults_quadrants,
          v_pattern_1, nicolae_vaults_steering_wheel,
          nicolae_vaults_doubleplus_tesselated, vaults_mumra_chevron,
          nicolae_vaults_house_3, grunt_vaults_funnel, vaults_room_door_ring,
          minmay_crypt_entry_simple_box, nicolae_vaults_ring_of_whatevers,
          nicolae_vaults_sightless_eye, nicolae_vaults_diagonal_hallway_6,
          vaults_mumra_minichess, layout_vaults_maze_bifur
Vaults:3: v_rooms_2, nicolae_vaults_network_quinsquares
          [nicolae_vaults_network_quincunx_subvault,
          nicolae_vaults_network_quincunx_subvault,
          nicolae_vaults_network_quincunx_subvault,
          nicolae_vaults_network_quincunx_subvault],
          nicolae_vaults_security_offices_1, nicolae_vaults_arrows,
          nicolae_vaults_border_crossing, nicolae_vaults_little_squares_1,
          nicolae_vaults_house_1, nicolae_vaults_double_plus_1, v_misc_26,
          v_misc_30, layout_vaults_chaotic_city, serial_shops,
          nicolae_shop_bloodbath_and_beyond
Vaults:4: v_pattern_2, v_misc_3, nicolae_vaults_storage_closets_2, v_rooms_5,
          hangedman_vaults_slice, v_misc_16, nicolae_vaults_octothorpe,
          vaults_room_semicircle, vaults_standard_mumra_x,
          layout_vaults_omnigrid, serial_shops, shop, uniq_mennas
Crypt:1:  layout_gridlike
Depths:1: layout_basic, abyss_entry_glasseish, minmay_misc_feat_enclosed,
          pf_hell_entry_tar_river, lemuel_flamethrower_2, uniq_mara
Depths:2: minmay_the_grid_octo_tiled_squarecenter_mashed
          [minmay_the_grid_octo_vomiting_pacman, minmay_the_grid_octo_checkered,
          minmay_the_grid_octo_fan_narrow, minmay_the_grid_octo_clover_2,
          minmay_the_grid_square_5x5_megaprize_hollow,
          minmay_the_grid_square_5x5_tie,
          minmay_the_grid_square_5x5_two_walls_b,
          minmay_the_grid_square_5x5_checkered,
          minmay_the_grid_square_5x5_percent], layout_cave_pools, hell_entry,
          pan_entry, nicolae_vehumet_radiance, abyss_entry_small_statue_room
Depths:3: thingy_vault, layout_cave_shapes, chequers_serial_rivers_micro_a,
          abyss_entry_crystal, grunt_metal_band, infiniplex_staircase_diamond,
          minmay_shop_grove
Depths:4: grunt_crosshair, layout_cave_shapes, enter_ziggurat_b,
          elyvilon_altar_5, hellmonk_ghost_big_iron, hell_entry, uniq_sojobo,
          uniq_frederick

Skill      XL: |  1  2  3  4  5  6  7  8  9 10 11 12 13 14 15 16 17 18 19 20 21 22 23 |
---------------+----------------------------------------------------------------------+-----
Spellcasting   | 4 5 6 7 8 10 11 13 14 15 16 17 18 19 | 19.8
Conjurations   | 4 5 6 7 8 10 11 13 14 15 16 17 18 19 | 19.8
Hexes          | 4 5 6 7 8 10 11 13 14 15 16 17 18 19 | 19.8
Summonings     | 4 5 6 7 8 10 11 13 14 15 16 17 18 19 | 19.8
Necromancy     | 4 5 6 7 8 10 11 13 14 15 16 17 18 19 | 19.8
Translocations | 4 5 6 7 8 10 11 13 14 15 16 17 18 19 | 19.8
Transmutations | 4 5 6 7 8 10 11 13 14 15 16 17 19 |  0.0
Fire Magic     | 4 5 6 7 8 10 11 13 14 15 16 17 18 19 | 19.8
Ice Magic      | 4 5 6 7 8 10 11 13 14 15 16 17 18 19 | 19.8
Air Magic      | 4 5 6 7 8 10 11 13 14 15 16 17 18 19 | 19.8
Earth Magic    | 4 5 6 7 8 10 11 13 14 15 16 17 18 19 | 19.8
Alchemy        | 4 5 6 7 8 10 11 13 14 15 16 17 24 25 | 25.5
Fighting       | 1 2 3 4 5 7 9 11 12 14 15 16 17 18 19 | 19.1
Shields        | 2 6 9 11 12 14 16 18 19 | 19.0
Dodging        | 3 7 10 11 12 | 12.0
Armour         | 3 5 7 |  7.9
Invocations    | 8 9 |  9.0
Stealth        | |  1.5

Action                     |  1- 3 |  4- 6 |  7- 9 | 10-12 | 13-15 | 16-18 | 19-21 | 22-24 || total
---------------------------+-------+-------+-------+-------+-------+-------+-------+-------++-------
  Melee: Unarmed           |     1 |       |       |       |       |       |       |       ||     1
         Rapier            |       |       |    12 |     6 |       |    25 |    24 |    26 ||    93
         Great sword       |       |       |       |    12 |    47 |       |       |       ||    59
         Long sword        |       |       |       |       |    26 |    54 |       |       ||    80
   Cast: Foxfire           |    52 |    33 |    97 |    11 |     2 |       |       |       ||   195
         Scorch            |     9 |    33 |    31 |    19 |    18 |    11 |       |       ||   121
         Flame Wave        |       |       |    18 |    50 |     9 |     2 |       |       ||    79
         Ensorcelled Hiber |       |       |     1 |     1 |     1 |     2 |     3 |       ||     8
         Call Canine Famil |       |       |     2 |       |       |     4 |     2 |       ||     8
         Sandblast         |       |       |       |     2 |       |       |       |       ||     2
         Airstrike         |       |       |       |   145 |   227 |    69 |     4 |     7 ||   452
         Volatile Blastmot |       |       |       |     1 |       |       |       |       ||     1
         Summon Forest     |       |       |       |       |    52 |    48 |    22 |    13 ||   135
         Bombard           |       |       |       |       |    92 |   390 |   331 |   236 ||  1049
         Starburst         |       |       |       |       |       |    27 |    39 |     6 ||    72
         Inner Flame       |       |       |       |       |       |     3 |       |       ||     3
         Orb of Destructio |       |       |       |       |       |       |   151 |    91 ||   242
         Spellforged Servi |       |       |       |       |       |       |    22 |    38 ||    60
         Maxwell's Capacit |       |       |       |       |       |       |       |     1 ||     1
 Invoke: Heal Self         |       |       |       |       |       |     9 |    18 |     9 ||    36
  Evoke: Condenser vane    |       |       |       |     1 |       |       |     1 |       ||     2
    Use: Scroll            |       |       |       |    26 |       |     6 |     8 |     3 ||    43
         Potion            |       |       |       |     1 |       |     2 |     1 |     4 ||     8
   Stab: Sleeping          |       |       |       |     1 |       |       |       |       ||     1
         Distracted        |       |       |       |       |     2 |       |       |     1 ||     3
 Armour: Robe              |    11 |     2 |    24 |       |       |       |       |       ||    37
         Ring mail         |       |     6 |       |       |       |       |       |       ||     6
         Steam dragon scal |       |       |     3 |    35 |       |       |       |       ||    38
         Troll leather arm |       |       |       |    99 |   145 |    37 |       |       ||   281
         Quicksilver drago |       |       |       |       |       |   176 |   191 |   212 ||   579
  Dodge: Dodged            |     8 |    10 |    35 |   128 |   116 |   100 |    76 |    90 ||   563
  Block: Buckler           |       |       |       |       |    15 |    66 |       |       ||    81
         Kite shield       |       |       |       |       |       |       |   133 |   179 ||   312

Table legend: (Time is in decaauts)
 A = Elapsed time spent in this place.
 B = Non-inter-level travel time spent in this place.
 C = Inter-level travel time spent in this place.
 D = Time resting spent in this place.
 E = Time spent auto-exploring this place.
 F = Levels seen in this place.
 G = Mean time per level.
                   A        B        C        D        E       F      G
               +--------+--------+--------+--------+--------+-----+--------+
         Total |  40277 |  38229 |   2048 |   2936 |  26955 |  40 | 1006.9 |
       Dungeon |  13310 |  12391 |    919 |    389 |   9944 |  15 |  887.3 |
        Temple |    124 |     14 |    110 |      0 |     12 |   1 |  124.0 |
          Lair |   5868 |   5421 |    447 |    182 |   3953 |   5 | 1173.6 |
        Shoals |   3991 |   3827 |    164 |    431 |   2343 |   4 |  997.8 |
  Orcish Mines |   1195 |   1081 |    114 |      0 |    726 |   2 |  597.5 |
        Vaults |   6492 |   6399 |     93 |    410 |   4705 |   4 | 1623.0 |
         Crypt |    135 |    135 |      0 |    131 |      0 |   1 |  135.0 |
        Depths |   7325 |   7127 |    198 |   1284 |   4180 |   4 | 1831.2 |
        Bazaar |    134 |    134 |      0 |      0 |     84 |   1 |  134.0 |
       Ossuary |    205 |    205 |      0 |      0 |    158 |   1 |  205.0 |
        Bailey |    296 |    296 |      0 |      0 |    183 |   1 |  296.0 |
    Desolation |   1197 |   1197 |      0 |    109 |    667 |   1 | 1197.0 |
               +--------+--------+--------+--------+--------+-----+--------+

Top non-repeatable levels by time:
Depths:2: 2267 daAuts
Vaults:3: 2127 daAuts
Depths:4: 1864 daAuts
Depths:3: 1738 daAuts
Vaults:2: 1680 daAuts
  Lair:5: 1510 daAuts
  Lair:3: 1467 daAuts
Depths:1: 1454 daAuts
Vaults:1: 1445 daAuts
     D:5: 1305 daAuts
Vaults:4: 1239 daAuts
Desolation: 1197 daAuts
Shoals:3: 1171 daAuts
     D:6: 1153 daAuts
     D:4: 1139 daAuts
